 Dungeon Crawl Stone Soup version 0.31-a0-339-gda1cbd555d (webtiles) character file.

Game seed: 14845214127090463587

166 Graywind the Shooter (level 5, -5/33 HPs)
             Began as a Tengu Hunter on July 20, 2023.
             Was a Believer of Elyvilon.
             Slain by an iguana (8 damage)
             ... on level 4 of the Dungeon.
             The game lasted 00:21:00 (1541 turns).

Graywind the Shooter (Tengu Hunter)                 Turns: 1541, Time: 00:21:01

Health: -5/33      AC:  4    Str: 11    XL:     5   Next: 47%
Magic:  2/8        EV: 15    Int:  9    God:    Elyvilon [**....]
Gold:   167        SH:  0    Dex: 20    Spells: 3/6 levels left

rFire   + . .        b - +3 whip
rCold   x . .        (no shield)
rNeg    . . .        j - +2 robe
rPois   .            (helmet restricted)
rElec   .            (no cloak)
rCorr   .            (no gloves)
SInv    .            (boots unavailable)
Will    .....        (no amulet)
Stlth   ++           f - ring of fire
HPRegen 0.25/turn    i - ring of wizardry
MPRegen 0.11/turn

%: wizardry (x1)
@: flying quickly and evasively, quick
A: beak, talons 3, nimble flight, mutation resistance 1, robust 1
a: Renounce Religion, Purification, Heal Other


You were on level 4 of the Dungeon.
You worshipped Elyvilon.
Elyvilon was pleased with you.
You visited 1 branch of the dungeon, and saw 4 of its levels.

You collected 167 gold pieces.

Inventory:

Hand Weapons
 a - a +0 heavy shortbow
 b - a +3 whip (weapon)
Missiles
 g - 5 silver javelins
Armour
 j - a +2 robe (worn)
Jewellery
 f - a ring of fire (left hand)
 i - a ring of wizardry (right hand)
Talismans
 h - a serpent talisman
Potions
 d - a potion of curing


   Skills:
 + Level 2.3 Fighting
 + Level 0.6 Short Blades
 + Level 0.2 Maces & Flails
 + Level 6.2 Ranged Weapons
 + Level 1.2 Armour
 + Level 2.2 Dodging
 + Level 1.0 Stealth
 + Level 1.4 Spellcasting
 + Level 0.8 Conjurations


You had 3 spell levels left.
You knew the following spells:

 Your Spells              Type           Power      Damage    Failure   Level
a - Magic Dart            Conj           8%         1d3       11%         1
b - Searing Ray           Conj           4%         2d4       16%         2

Your spell library contained the following spells:

 Spells                   Type           Power      Damage    Failure   Level
 Fulminant Prism          Conj/Hex       0%         3d5       71%         4


Dungeon Overview and Level Annotations

Branches:
Dungeon (4/15)
 Temple: D:4-7

Altars:
Cheibriados
Dithmenos
Elyvilon

Shops:
D:1 :

Annotations:
D:3 3 runed translucent doors, MrAu's ghost, amateur DgGl


Innate Abilities, Weirdness & Mutations

You have a beak for a mouth.
You have claws for feet.
Your magical nature lets you fly swiftly and evasively.
You are somewhat resistant to further mutation.
You are robust. (+10% HP)


Message History

Casting: Searing Ray (safe; 16% risk of failure)
Confirm with . or Enter, or press ? or * to list all spells.
Aiming: Searing Ray (safe; 16% risk of failure)
Press: ? - help, Shift-Dir - straight line, f/p - iguana
Aim: an iguana (asleep, 100% to hit)
The searing ray hits the iguana.
The iguana is lightly wounded.
The iguana hisses angrily. (Press . to maintain the ray.)
The searing ray hits the iguana.
The iguana is heavily wounded.
The iguana bites you.
The searing ray misses the iguana.
The iguana closely misses you.
The searing ray hits the iguana.
The iguana is heavily wounded.
You finish channelling your searing ray.
The iguana bites you! The iguana bites you.
b - a +3 whip (weapon)
The iguana misses you.
You barely miss the iguana. You claw the iguana, but do no damage.
The iguana is heavily wounded.
The iguana bites you.
* * * LOW HITPOINT WARNING * * *
You hit the iguana but do no damage. You claw the iguana.
You peck the iguana, but do no damage.
The iguana is severely wounded.
The iguana bites you.
* * * LOW HITPOINT WARNING * * *
Your magical contamination has completely faded away.
You hit the iguana but do no damage. You claw the iguana, but do no damage.
The iguana is severely wounded.
The iguana barely misses you.
You closely miss the iguana. You claw the iguana.
The iguana is almost dead.
The iguana closely misses you.
You closely miss the iguana.
The iguana is almost dead.
The iguana bites you!
You die...

.. ...... #.
..... ._ ....
.#... ....
#..# #..# #@.#
#l.# ..(..
..$.....
...........
............
>........)?..
..............


You could see an iguana.

Vanquished Creatures
  A hound (D:4)
  Jessica (D:3)
  Robin (D:3)
  3 adders
  2 worms (D:2)
  6 ball pythons
  4 bats
  2 endoplasms
  4 giant cockroaches
  10 hobgoblins
  2 jackals (D:2)
  3 quokkas
  5 frilled lizards
  11 goblins (D:3)
  8 kobolds
  2 rats
65 creatures vanquished.

Notes
Turn   | Place    | Note
-------+----------+-------------------------------------------
     0 | D:1      | Graywind the Tengu Hunter began the quest for the Orb.
     0 | D:1      | Reached XP level 1. HP: 12/12 MP: 2/2
     6 | D:1      | Noticed a polar bear
     6 | D:1      | Noticed a swamp worm
     6 | D:1      | Noticed an iguana
     6 | D:1      | Noticed a water moccasin
    71 | D:1      | Found Kujaryho's Book Emporium.
   144 | D:1      | Reached XP level 2. HP: 9/17 MP: 3/3
   204 | D:1      | Reached skill level 5 in Ranged Weapons
   404 | D:2      | Reached XP level 3. HP: 14/21 MP: 4/4
   423 | D:2      | Learned a level 1 spell: Magic Dart
   613 | D:3      | Noticed Jessica
   622 | D:2      | Found a faded altar of an unknown god.
   637 | D:2      | Prayed at the altar of an unknown god.
   637 | D:2      | Became a worshipper of Elyvilon the Healer
   637 | D:2      | Reached * piety under Elyvilon
   991 | D:3      | Killed Jessica
   992 | D:3      | Reached skill level 1 in Spellcasting
   992 | D:3      | Reached XP level 4. HP: 26/26 MP: 4/6
   999 | D:3      | Noticed Robin
  1014 | D:3      | Killed Robin
  1020 | D:3      | Reached skill level 1 in Armour
  1043 | D:3      | Learned a level 2 spell: Searing Ray
  1145 | D:3      | Reached skill level 6 in Ranged Weapons
  1152 | D:3      | Found a shadowy altar of Dithmenos.
  1263 | D:3      | Reached ** piety under Elyvilon
  1280 | D:3      | Gained mutation: You are robust. (+10% HP) [potion of
                  | mutation]
  1280 | D:3      | Gained mutation: You are somewhat resistant to further
                  | mutation. [potion of mutation]
  1305 | D:3      | Found a runed translucent gate.
  1305 | D:3      | Found a runed translucent gate.
  1305 | D:3      | Found a runed translucent gate.
  1307 | D:3      | Noticed a kobold brigand
  1309 | D:3      | Noticed MrAu's ghost (amateur DgGl)
  1343 | D:3      | Gained mutation: Your magical nature lets you fly swiftly
                  | and evasively. [Tengu growth]
  1343 | D:3      | Reached XP level 5. HP: 32/33 MP: 7/7
  1373 | D:4      | Noticed an ogre
  1529 | D:4      | Found a snail-covered altar of Cheibriados.
  1541 | D:4      | Slain by an iguana

Illustrated notes

Levels and vault maps discovered:
D:1:      onia_arrival_zoo_common, layout_loops_ring, serial_shops,
          nicolae_book_shop_shelving
D:2:      layout_basic, serial_forest, infiniplex_forest_straight_3,
          infiniplex_forest_lined_4_way, infiniplex_forest_clump_curved,
          infiniplex_forest_diagonal, infiniplex_forest_end_2,
          infiniplex_forest_end_2, infiniplex_forest_clump_diagonal,
          infiniplex_forest_lined_room_2, shapermc_ecumenical_altar_ellora
D:3:      layout_loops_ring, mainiacjoe_overflow_concentric_impassable,
          gammafunk_ghost_nasty_kobolds, uniq_robin, uniq_jessica
D:4:      layout_rooms, lemuel_crystal_altar, uniq_grinder

Skill      XL: |  1  2  3  4 |
---------------+-------------+-----
Ranged Weapons | 5 6 |  6.2
Spellcasting   | 1 |  1.4
Armour         | 1 |  1.2
Fighting       | |  2.3
Short Blades   | |  0.6
Maces & Flails | |  0.2
Dodging        | |  2.2
Stealth        | |  1.0
Conjurations   | |  0.8

Action                     |  1- 3 |  4- 6 || total
---------------------------+-------+-------++-------
  Melee: Short sword       |    22 |    19 ||    41
         Kick              |     5 |    20 ||    25
         Punch             |     2 |       ||     2
         Peck              |     2 |     5 ||     7
         Whip              |       |    29 ||    29
   Fire: Shortbow          |    89 |    17 ||   106
   Cast: Magic Dart        |     5 |    12 ||    17
         Searing Ray       |       |     4 ||     4
    Use: Scroll            |     5 |     2 ||     7
         Potion            |     1 |     2 ||     3
 Armour: Leather armour    |     4 |     7 ||    11
         Robe              |       |     7 ||     7
  Dodge: Dodged            |    23 |    29 ||    52

Table legend: (Time is in decaauts)
 A = Elapsed time spent in this place.
 B = Non-inter-level travel time spent in this place.
 C = Inter-level travel time spent in this place.
 D = Time resting spent in this place.
 E = Time spent auto-exploring this place.
 F = Levels seen in this place.
 G = Mean time per level.
                   A        B        C        D        E       F      G
               +--------+--------+--------+--------+--------+-----+--------+
         Total |   1548 |   1548 |      0 |     32 |      0 |   4 |  387.0 |
       Dungeon |   1548 |   1548 |      0 |     32 |      0 |   4 |  387.0 |
               +--------+--------+--------+--------+--------+-----+--------+

Top non-repeatable levels by time:
     D:3: 562 daAuts
     D:2: 524 daAuts
     D:1: 357 daAuts
     D:4: 104 daAuts
